 Dungeon Crawl Stone Soup version 0.26-a0-1013-gf6ffb0d6bd (webtiles) character file.

Game seed: 12401940078220472952

49 ringo67 the Shield-Bearer (level 3, 31/34 HPs)
             Began as a Deep Dwarf Fighter on Dec 7, 2020.
             Quit the game on level 2 of the Dungeon on Dec 8, 2020.
             The game lasted 00:01:41 (943 turns).

ringo67 the Shield-Bearer (Deep Dwarf Fighter)       Turns: 943, Time: 00:01:42

Health: 31/34      AC: 11    Str: 20    XL:     3   Next: 53%
Magic:  3/3        EV:  5    Int:  8    God:
Gold:   100        SH:  9    Dex: 12    Spells: 2/2 levels left

rFire    . . .     SeeInvis .   a - +0 war axe
rCold    . . .     Faith    .   c - +0 kite shield
rNeg     . . .     Spirit   .   n - +0 chain mail (curse)
rPois    .         Reflect  .   (no helmet)
rElec    .         Harm     .   (no cloak)
rCorr    .         Rampage  .   (no gloves)
Will     .....                  f - +1 pair of boots
Stlth    ..........             (no amulet)
HPRegen  0.00/turn              l - ring of stealth
MPRegen  0.08/turn              m - ring of attention (curse)

@: non-regenerating
A: damage resistance, heal wounds, sense surroundings 1, no regeneration
a: Heal Wounds


You were on level 2 of the Dungeon.
You visited 1 branch of the dungeon, and saw 2 of its levels.

You collected 100 gold pieces.

Inventory:

Hand Weapons
 a - a +0 war axe (weapon)
Missiles
 e - 14 poisoned darts
Armour
 b - a +0 scale mail
 c - a +0 kite shield (worn)
 f - a +1 pair of boots (worn)
 n - a cursed +0 chain mail (worn)
Jewellery
 l - a ring of stealth (left hand)
 m - a cursed ring of attention (right hand)
Scrolls
 g - a scroll of identify {unknown}
 h - a scroll of immolation {unknown}
 o - a scroll of remove curse {unknown}
 p - a scroll of teleportation {unknown}
Potions
 d - 2 potions of might
 i - 2 potions of resistance {unknown}
 j - a potion of attraction {unknown}
 k - 3 potions of lignification {unknown}


   Skills:
 + Level 3.0 Fighting
 * Level 3.2 Axes
 + Level 3.7 Armour
 + Level 3.7 Shields


You had 2 spell levels left.
You didn't know any spells.
Your spell library was empty.

Dungeon Overview and Level Annotations

Branches:
Dungeon (2/15)

Altars:


Innate Abilities, Weirdness & Mutations

You are resistant to damage.
You can heal yourself by infusing magical energy.
You passively map a small area around you.
You do not regenerate.


Message History

You closely miss the ball python. You block the ball python's attack.
The ball python constricts you.
The ball python bites you but does no damage.
The ball python constricts you.
You slash the ball python!
You kill the ball python!
No target in view!
You open the door.
A rat and a hobgoblin come into view.
The hobgoblin shouts!
There is an open door here.
You hit the rat.
You kill the rat!
You hit the hobgoblin.
You kill the hobgoblin!
No target in view!
Save game and exit?
Welcome back, ringo67 the Deep Dwarf Fighter.
Press ? for a list of commands and other information.
Are you sure you want to abandon this character and quit the game? (Confirm with "yes".)

###### #....#
#....########
####...........#
#######...>..........##
#....)@................
#.#####......#.#######.
* * #......+.# * ,
#......#.# ,, ,
#......#.# #........# *
* ########.# #
#.......##.##.#
#######.......#


There were no monsters in sight!

Vanquished Creatures
  An adder (D:2)
  2 dart slugs
  3 bats (D:1)
  2 giant cockroaches (D:1)
  5 goblins (D:1)
  7 hobgoblins
  2 jackals (D:1)
  3 kobolds
  2 ball pythons
  A frilled lizard (D:1)
  5 rats
33 creatures vanquished.

Notes
Turn   | Place    | Note
-------+----------+-------------------------------------------
     0 | D:1      | ringo67 the Deep Dwarf Fighter began the quest for the Orb.
     0 | D:1      | Reached XP level 1. HP: 20/20 MP: 1/1
   199 | D:1      | Reached XP level 2. HP: 27/27 MP: 2/2
   790 | D:1      | Reached XP level 3. HP: 30/33 MP: 3/3
   943 | D:2      | Quit the game

Illustrated notes

Levels and vault maps discovered:
D:1:      minmay_arrival_four_circles, layout_basic
D:2:      layout_basic, roderic_nine_men_s_morris,
          ebering_dispersal_statue_hall, minmay_vboxes

Skill      XL: |  1  2  3 |
---------------+----------+-----
Axes           | 3 |  3.2
Fighting       | 3 |  3.0
Armour         | |  3.7
Shields        | |  3.7

Action                   || total
-------------------------++-------
Melee: War axe           ||    76
Armor: Scale mail        ||    30
       Chain mail        ||     6
Dodge: Dodged            ||    21
Block: Kite shield       ||    37

Table legend: (Time is in decaauts)
 A = Elapsed time spent in this place.
 B = Non-inter-level travel time spent in this place.
 C = Inter-level travel time spent in this place.
 D = Time resting spent in this place.
 E = Time spent auto-exploring this place.
 F = Levels seen in this place.
 G = Mean time per level.
                   A        B        C        D        E       F      G
               +--------+--------+--------+--------+--------+-----+--------+
         Total |    975 |    964 |     11 |      0 |    727 |   2 |  487.5 |
       Dungeon |    975 |    964 |     11 |      0 |    727 |   2 |  487.5 |
               +--------+--------+--------+--------+--------+-----+--------+

Top non-repeatable levels by time:
     D:1: 881 daAuts
     D:2: 94 daAuts
